 Dungeon Crawl Stone Soup version 0.30-a0-415-g685d318daa (webtiles) character file.

Game seed: 11055346805352605151

3673 Emberiza the Severer (level 9, 0/105 HPs)
             Began as a Minotaur Berserker on Dec 8, 2022.
             Was an Elder of Trog.
             Succumbed to a killer bee's poison
             ... on level 7 of the Dungeon.
             The game lasted 00:09:34 (6317 turns).

Emberiza the Severer (Minotaur Berserker)           Turns: 6317, Time: 00:09:34

Health: 0/105      AC: 13    Str: 26    XL:     9   Next: 89%
Magic:  8/8        EV:  9    Int:  4    God:    Trog [****..]
Gold:   206        SH:  0    Dex: 10    Spells: 8/8 levels left

rFire   + . .      SeeInvis .    z - +5 dire flail
rCold   . . .      Faith    .    (shield currently unavailable)
rNeg    . . .      Spirit   .    k - +0 chain mail
rPois   .          Reflect  .    (helmet restricted)
rElec   .          Harm     .    n - +0 cloak
rCorr   .          Rampage  .    (no gloves)
Will    ++...                    (no boots)
Stlth   ..........               (no amulet)
HPRegen 1.37/turn                q - +4 ring of protection
MPRegen 0.11/turn                x - ring of protection from fire

@: berserking, lethally poisoned (0 -> -9), strong-willed, regenerating, very
quick
A: horns 2, retaliatory headbutt
a: Renounce Religion, Berserk, Trog's Hand, Brothers in Arms


You were on level 7 of the Dungeon.
You worshipped Trog.
Trog was greatly pleased with you.
You visited 1 branch of the dungeon, and saw 7 of its levels.

You collected 329 gold pieces.
You spent 123 gold pieces at shops.

Inventory:

Hand Weapons
 a - a +0 hand axe
 y - a +0 war axe
 z - a +5 dire flail (weapon)
 B - a +3 battleaxe
Missiles
 h - 25 poisoned darts (quivered)
Armour
 k - a +0 chain mail (worn)
 n - a +0 cloak (worn)
Jewellery
 q - a +4 ring of protection (left hand)
 x - a ring of protection from fire (right hand)
Wands
 m - a wand of charming (7)
 r - a wand of flame (22)
Scrolls
 b - 2 scrolls of blinking
 f - 7 scrolls of teleportation
 o - a scroll of brand weapon
 p - a scroll of amnesia
 w - a scroll of magic mapping
 A - a scroll of enchant weapon
 C - a scroll of identify
Potions
 c - a potion of attraction
 d - 2 potions of heal wounds
 e - a potion of might
 g - 2 potions of curing
 i - 2 potions of brilliance
 j - a potion of berserk rage
 l - 4 potions of haste
 s - 3 potions of lignification
 t - 3 potions of degeneration {unknown}
 u - a potion of resistance {unknown}
 v - a potion of mutation {unknown}


   Skills:
 - Level 3.6 Fighting
 + Level 16.8 Axes
 - Level 2.4 Armour
 - Level 2.1 Dodging


You had 8 spell levels left.
You didn't know any spells.
Your spell library was empty.

Dungeon Overview and Level Annotations

Branches:
Dungeon (7/15)             Temple (0/1) D:6

Altars:
Fedhas
Gozag
Qazlal
Trog
Uskayaw
Wu Jian

Shops:
D:3 ?

Portals:
Sewer: D:3


Innate Abilities, Weirdness & Mutations

You have a pair of horns on your head.
You reflexively headbutt those who attack you in melee.


Message History

The wight is moderately damaged.
You feel sick. The killer bee stings you.
* * * LOW HITPOINT WARNING * * *
You are more poisoned.
The killer bee poisons you! The killer bee stings you.
* * * LOW HITPOINT WARNING * * *
The wight closely misses you.
The killer bee stings you but does no damage.
The killer bee completely misses you. You furiously retaliate!
You headbutt the killer bee! You closely miss the wight.
Your headbutt misses the wight.
The wight is moderately damaged.
You feel sick.
The wight hits you with a +2 short sword of freezing.
* * * LOW HITPOINT WARNING * * *
The wight freezes you.
* * * LOW HITPOINT WARNING * * *
The killer bee barely misses you. You furiously retaliate!
You headbutt the killer bee! The killer bee stings you!
* * * LOW HITPOINT WARNING * * *
You barely miss the wight. Your headbutt misses the wight.
The wight is moderately damaged.
You feel sick. The killer bee stings you.
* * * LOW HITPOINT WARNING * * *
You are lethally poisoned!
The killer bee poisons you!
The killer bee stings you but does no damage.
You are too berserk!
The killer bee attacks as you move away!
The killer bee barely misses you.
* * * LOW HITPOINT WARNING * * *
You feel very sick.
An orc comes into view. It is wielding a +0 short sword.
The wight hits you but does no damage.
Things that are here:
a +0 long sword; a +0 robe You bludgeon the wight!!
You destroy the wight!
Trog accepts your kill.
You die...

## ......#.......##...
..# .......#..........
..o................# #
#..####.##........# .#
#........†......##..#
##............#.....#
#.####.#..##.......#
##.....y)..###......#
.......y@......###..#
###...†)....######))#
#......#....###)†.# .
#......###..#......)##
#. . .......
.......#.#..##.. ...
.......
..#..##.#...... #...
....... .......#....#.
.... ......#
.##......)..... ....
.......)###.#


You could see 2 killer bees and an orc.

Vanquished Creatures
  Pikel (D:5)
  A cyclops (D:6)
  2 slime creatures (D:5)
  Duvessa (D:4)
  A centaur (D:6)
  4 phantoms
  A kobold brigand (D:5)
  A necrophage (D:7)
  3 bullfrogs
  10 wights
  Dowan (D:4)
  6 killer bees (D:7)
  3 hounds
  6 jellies
  3 orc priests
  7 iguanas
  3 orc wizards
  9 gnolls
  7 adders
  A shadow imp (D:7)
  3 white imps
  An ufetubus (D:7)
  2 worms
  5 dart slugs
  14 orcs
  5 ball pythons
  6 bats
  15 endoplasms
  5 giant cockroaches
  13 goblins
  5 hobgoblins
  7 jackals
  11 quokkas
  A frilled lizard (D:2)
  10 kobolds
  5 rats
179 creatures vanquished.

Vanquished Creatures (others)
  3 fungi (D:5)
  10 toadstools (D:5)
13 creatures vanquished.

Grand Total: 192 creatures vanquished

Notes
Turn   | Place    | Note
-------+----------+-------------------------------------------
     0 | D:1      | Emberiza the Minotaur Berserker began the quest for the
                  | Orb.
     0 | D:1      | Reached XP level 1. HP: 19/19 MP: 0/0
    42 | D:1      | Reached skill level 4 in Axes
   163 | D:1      | Reached XP level 2. HP: 26/26 MP: 1/1
   824 | D:2      | Reached skill level 5 in Axes
   885 | D:2      | Reached XP level 3. HP: 30/31 MP: 2/2
  1423 | D:2      | Reached ** piety under Trog
  1514 | D:2      | Found a faded altar of an unknown god.
  1794 | D:3      | Reached skill level 6 in Axes
  1794 | D:3      | Reached XP level 4. HP: 34/39 MP: 3/3
  1839 | D:3      | Found Meimott's Magic Scroll Shop.
  1852 | D:3      | Bought a scroll of brand weapon for 123 gold pieces
  1962 | D:3      | Found a glowing drain.
  2149 | D:3      | Reached XP level 5. HP: 39/45 MP: 4/4
  2341 | D:4      | Reached skill level 7 in Axes
  2590 | D:4      | Noticed a phantom
  2596 | D:4      | Killed a phantom
  2597 | D:4      | Reached skill level 8 in Axes
  2600 | D:4      | Noticed Duvessa
  2601 | D:4      | Noticed Dowan
  2611 | D:4      | Killed Duvessa
  2612 | D:4      | Reached XP level 6. HP: 51/51 MP: 5/5
  2617 | D:4      | Killed Dowan
  2618 | D:4      | Reached skill level 9 in Axes
  3047 | D:4      | Reached *** piety under Trog
  3137 | D:5      | Entered Level 5 of the Dungeon
  3244 | D:5      | Reached XP level 7. HP: 57/57 MP: 6/6
  3362 | D:5      | Reached skill level 10 in Axes
  3534 | D:5      | Noticed Pikel
  3556 | D:5      | Killed Pikel
  3557 | D:5      | Reached skill level 11 in Axes
  3557 | D:5      | Reached XP level 8. HP: 45/64 MP: 7/7
  3654 | D:5      | Reached skill level 12 in Axes
  3744 | D:5      | Found the +9 staff of Olgreb {rPois∞}
  3898 | D:5      | Noticed a slime creature
  3898 | D:5      | Noticed a slime creature
  3908 | D:5      | Killed a slime creature
  3909 | D:5      | Reached skill level 13 in Axes
  3913 | D:5      | Killed a slime creature
  4263 | D:5      | Reached skill level 14 in Axes
  4364 | D:5      | Found a bloodstained altar of Trog.
  4364 | D:5      | Found an ornate altar of the Wu Jian Council.
  4365 | D:5      | Found an opulent altar of Gozag.
  4367 | D:5      | Found a hide-covered altar of Uskayaw.
  4367 | D:5      | Found a stormy altar of Qazlal.
  4479 | D:6      | Noticed a cyclops
  4497 | D:6      | Killed a cyclops
  4498 | D:6      | Reached XP level 9. HP: 68/70 MP: 8/8
  4978 | D:6      | Reached skill level 15 in Axes
  4981 | D:6      | Reached **** piety under Trog
  5312 | D:6      | Found a staircase to the Ecumenical Temple.
  5721 | D:6      | Found a blossoming altar of Fedhas.
  6195 | D:7      | Reached skill level 16 in Axes
  6315 | D:7      | HP: 4/105 [killer bee (4)]
  6317 | D:7      | Succumbed to a killer bee's poison

Illustrated notes

Levels and vault maps discovered:
D:1:      amcnicky_arrival_underground_garden, layout_basic, minivault_14,
          chequers_jeans, minmay_strange_pillars
D:2:      layout_basic, shapermc_ecumenical_altar_mp_vishouse,
          minmay_randomly_rotated_circles
D:3:      layout_rooms, gup_sewer_entry_pipe, serial_shops, shop_fountains,
          chequers_serial_rivers_marsh
D:4:      layout_loops_ring, uniq_duvessa
D:5:      cheibrodos_fertilizer, layout_layer_cave, grunt_temple_overflow_open,
          item_on_display_b, uniq_pikel
D:6:      layout_basic, fedhas_altar_3, minmay_temple_entry_proselytizer
D:7:      layout_rooms

Skill      XL: |  1  2  3  4  5  6  7  8  9 |
---------------+----------------------------+-----
Axes           | 4 5 6 8 9 11 14 16 | 16.8
Fighting       | |  3.6
Armour         | |  2.4
Dodging        | |  2.1

Action                   |  1- 3 |  4- 6 |  7- 9 || total
-------------------------+-------+-------+-------++-------
Melee: Hand axe          |    94 |   135 |   127 ||   356
       Headbutt          |    16 |    17 |    37 ||    70
       War axe           |       |       |    36 ||    36
       Punch             |       |       |     3 ||     3
       Dire flail        |       |       |   105 ||   105
Invok: Berserk           |     1 |     1 |     7 ||     9
       Trog's Hand       |       |       |     3 ||     3
  Use: Scroll            |     5 |       |     9 ||    14
Armor: Animal skin       |     1 |       |       ||     1
       Ring mail         |    21 |       |       ||    21
       Chain mail        |    26 |    60 |   134 ||   220
Dodge: Dodged            |    44 |    52 |   121 ||   217

Table legend: (Time is in decaauts)
 A = Elapsed time spent in this place.
 B = Non-inter-level travel time spent in this place.
 C = Inter-level travel time spent in this place.
 D = Time resting spent in this place.
 E = Time spent auto-exploring this place.
 F = Levels seen in this place.
 G = Mean time per level.
                   A        B        C        D        E       F      G
               +--------+--------+--------+--------+--------+-----+--------+
         Total |   6320 |   6119 |    201 |    914 |   3916 |   7 |  902.9 |
       Dungeon |   6320 |   6119 |    201 |    914 |   3916 |   7 |  902.9 |
               +--------+--------+--------+--------+--------+-----+--------+

Top non-repeatable levels by time:
     D:6: 1617 daAuts
     D:5: 1314 daAuts
     D:2: 995 daAuts
     D:4: 835 daAuts
     D:1: 774 daAuts
     D:3: 555 daAuts
     D:7: 226 daAuts
